 Dungeon Crawl Stone Soup version 0.29.1-12-g30fa7ad0bf (webtiles) character file.

Game seed: 7418443591896064418

3048 javelincjr the Conjurer (level 9, -10/75 HPs)
             Began as a Purple Draconian Conjurer on Jan 10, 2023.
             Mangled by an orc knight
             ... wielding a +0 glaive
              (27 damage)
             ... in a bailey.
             The game lasted 01:23:41 (9193 turns).

javelincjr the Conjurer (Purple Draconian Conjurer) Turns: 9193, Time: 01:23:43

Health: -10/75     AC:  7    Str: 18    XL:     9   Next: 57%
Magic:  3/19       EV: 13    Int: 20    God:
Gold:   508        SH:  0    Dex: 10    Spells: 9/22 levels left

rFire   x . .      SeeInvis .   p - +7 sling "Oleylaw" {freeze, rF- Str+6 Stlth+}
rCold   + . .      Faith    .   (no shield)
rNeg    + . .      Spirit   .   (body armour unavailable)
rPois   .          Reflect  .   (helmet restricted)
rElec   .          Harm     .   (no cloak)
rCorr   .          Rampage  .   (no gloves)
Will    +....                   (no boots)
Stlth   ++++......              (no amulet)
HPRegen 0.22/turn               c - ring of positive energy
MPRegen 0.16/turn               x - ring of protection from cold

@: no status effects
A: breathe power, AC +7, unfitting armour, cold-blooded, stinger 1, wild magic 1
a: Breathe Dispelling Energy


You were in a bailey.
You visited 2 branches of the dungeon, and saw 8 of its levels.
You also visited: Bailey.

You collected 508 gold pieces.

Inventory:

Hand Weapons
 b - a +0 sling
 e - a +0 dagger
 o - a +3 dagger of flaming
 p - the +7 sling "Oleylaw" (weapon) {freeze, rF- Str+6 Stlth+}
   (You took it off a kobold on level 4 of the Dungeon)

   Any ammunition fired from it freezes those it strikes, dealing additional
   cold damage.
   It can also slow down cold-blooded creatures.
   Str:       It affects your strength (+6).
   rF:        It makes you vulnerable to fire.
   Stlth:     It makes you more stealthy.
 r - a +2 dagger of holy wrath
Missiles
 k - 9 poisoned darts
 t - a curare-tipped dart
Jewellery
 c - a ring of positive energy (left hand)
 x - a ring of protection from cold (right hand)
Wands
 i - a wand of paralysis (15)
 u - a wand of roots (4)
 v - a wand of flame (15)
Scrolls
 l - 4 scrolls of teleportation
 m - a scroll of identify
 q - 2 scrolls of magic mapping
 s - a scroll of noise {unknown}
Potions
 a - 5 potions of magic
 f - 3 potions of heal wounds
 g - 3 potions of mutation
 h - 3 potions of brilliance {unknown}
 j - a potion of resistance {unknown}
 n - 5 potions of curing
 w - a potion of flight
 z - 3 potions of cancellation {unknown}
 A - 2 potions of invisibility {unknown}


   Skills:
 + Level 5.7 Fighting
 + Level 4.8 Short Blades
 + Level 5.1 Ranged Weapons
 + Level 5.3 Dodging
 + Level 6.2 Stealth
 + Level 0.7 Unarmed Combat
 + Level 7.2 Spellcasting
 + Level 7.5 Conjurations
 + Level 4.9 Fire Magic


You had 9 spell levels left.
You knew the following spells:

 Your Spells              Type           Power      Damage    Failure   Level
a - Magic Dart            Conj           100%       1d8       1%          1
b - Searing Ray           Conj           96%        2d7       1%          2
c - Foxfire               Conj/Fire      100%       2x1d9     1%          1
d - Scorch                Fire           70%        2d9       3%          2
e - Conjure Flame         Conj/Fire      41%        6-21      4%          3
f - Flame Wave            Conj/Fire      41%        2d11      11%         4

Your spell library contained the following spells:

 Spells                   Type           Power      Damage    Failure   Level
 Dazzling Flash           Conj/Hex       56%        N/A       10%         3
 Inner Flame              Hex/Fire       22%        N/A       14%         3
 Fulminant Prism          Conj/Hex       14%        3d9       28%         4
 Iskenderun's Mystic Bla  Conj/Tloc      28%        2d7       28%         4
 Ozocubu's Armour         Ice            9%         N/A       36%         3
 Starburst                Conj/Fire      20%        6d7       80%         6
 Metabolic Englaciation   Hex/Ice        4%         N/A       97%         5
 Simulacrum               Ice/Necr       4%         N/A       100%        6
 Summon Cactus Giant      Summ           4%         N/A       100%        6


Dungeon Overview and Level Annotations

Branches:
Dungeon (7/15)             Temple (1/1) D:5          Bailey (1/1)

Altars:
Ashenzari
Dithmenos
Elyvilon
Fedhas
Hepliaklqana
Kikubaaqudgha
Makhleb
Nemelex Xobeh
Okawaru
Qazlal
Ru
Trog
Wu Jian
Yredelemnul
Zin
The Shining One

Shops:
D:3 :   D:7 *


Innate Abilities, Weirdness & Mutations

You can breathe bolts of dispelling energy.
Your rich purple scales are hard. (AC +7)
You cannot fit into any form of body armour.
You are cold-blooded and may be slowed by cold attacks.
Your tail ends in a venomous barb.
Your spells are a little harder to cast, but a little more powerful.


Message History

A wave of flame ripples out!
The flame wave engulfs the orc knight.
The orc knight is moderately wounded.
You finish channelling waves of flame.
The orc knight barely misses you.
Casting: Flame Wave (dangerous; 11% risk of failure)
Confirm with . or Enter, or press ? or * to list all spells.
Casting: Flame Wave (dangerous; 11% risk of failure)
Press: ? - help, Dir - look around, f - activate A wave of flame ripples out! (Press . to intensify the flame waves.)
The orc knight hits you from afar with a +0 glaive!!
A wave of flame ripples out!
The flame wave engulfs the orc knight!!
The orc knight is burned terribly!
The orc knight is severely wounded.
The orc knight is no longer more vulnerable to fire.
The orc knight hits you from afar with a +0 glaive.
* * * LOW HITPOINT WARNING * * *
A wave of flame ripples out!
The flame wave engulfs the orc knight but does no damage.
The orc knight is severely wounded.
You finish channelling waves of flame.
The orc knight hits you from afar with a +0 glaive.
* * * LOW HITPOINT WARNING * * *
Casting: Flame Wave (dangerous; 11% risk of failure)
Confirm with . or Enter, or press ? or * to list all spells.
You conjure some foxfire!
The foxfire hits the orc knight but does no damage.
The orc knight is severely wounded.
Casting: Foxfire (safe; 1% risk of failure)
Confirm with . or Enter, or press ? or * to list all spells.
Okay, then.
You feel much better.
The orc knight hits you from afar with a +0 glaive!!
* * * LOW HITPOINT WARNING * * *
Casting: Foxfire (safe; 1% risk of failure)
Confirm with . or Enter, or press ? or * to list all spells.
Flames lash the orc knight.
The orc knight is severely wounded.
The orc knight's fire resistance burns away.
The orc knight hits you from afar with a +0 glaive!!
You die...

############ #######
##.∩.......)## ##).)..#
#......#.....######..))...
#..)[[###....#....#.)##)..
#∩..[..8.....'..).'))8.)..
#....o###@)..#....#.)##...
#.....v#.....######.).)...
##.∩...o....## ##.....#
############ #######


You could see an orc knight (combustible).

Vanquished Creatures
  Grinder (D:6)
  A water moccasin (D:6)
  Duvessa (D:6)
  4 orc warriors (Bailey)
  An ice beast (D:5)
  2 ogres
  A centaur (D:7)
  4 phantoms
  A kobold brigand (D:6)
  2 bullfrogs (D:7)
  A necrophage (D:6)
  2 scorpions
  Dowan (D:6)
  A howler monkey (D:7)
  3 jellies
  3 hounds
  3 orc priests
  4 orc wizards
  3 iguanas (D:5)
  3 gnolls
  6 adders
  A white imp (D:6)
  An ufetubus (D:6)
  A worm (D:2)
  4 dart slugs
  42 orcs
  3 bats
  5 endoplasms
  4 giant cockroaches
  5 goblins
  6 hobgoblins
  6 jackals
  8 kobolds
  4 quokkas
  8 ball pythons
  3 frilled lizards
  5 rats
154 creatures vanquished.

Vanquished Creatures (others)
  46 foxfires
  6 fungi (D:4)
  3 plants (D:1)
55 creatures vanquished.

Grand Total: 209 creatures vanquished

Notes
Turn   | Place    | Note
-------+----------+-------------------------------------------
     0 | D:1      | javelincjr the Draconian Conjurer began the quest for the
                  | Orb.
     0 | D:1      | Reached XP level 1. HP: 14/14 MP: 3/3
   286 | D:1      | Reached XP level 2. HP: 16/20 MP: 1/5
   400 | D:1      | Found a faded altar of an unknown god.
  1002 | D:1      | You fall into a shaft and drop 1 floor!
  1017 | D:2      | Learned a level 2 spell: Searing Ray
  1153 | D:2      | Reached XP level 3. HP: 26/26 MP: 3/6
  1446 | D:1      | Reached skill level 1 in Fighting
  1794 | D:2      | Learned a level 1 spell: Foxfire
  1807 | D:2      | Reached XP level 4. HP: 35/35 MP: 5/7
  2449 | D:3      | Found an ancient bone altar of Kikubaaqudgha.
  2965 | D:3      | Found Tyvim's Book Shop.
  3279 | D:4      | Reached skill level 1 in Ranged Weapons
  3279 | D:4      | Reached XP level 5. HP: 40/40 MP: 2/8
  3381 | D:4      | Reached skill level 5 in Conjurations
  3449 | D:4      | Noticed an ogre
  3634 | D:4      | Found a broken altar of Ashenzari.
  3721 | D:4      | Reached skill level 1 in Short Blades
  3724 | D:4      | Reached XP level 6. HP: 44/48 MP: 0/10
  4534 | D:4      | Identified the +7 sling "Oleylaw" {freeze, rF- Str+6
                  | Stlth+}
  4650 | D:4      | Found a sacrificial altar of Ru.
  5059 | D:5      | Entered Level 5 of the Dungeon
  5064 | D:5      | Found a staircase to the Ecumenical Temple.
  5072 | D:5      | Your scales start taking on a rich purple colour.
  5072 | D:5      | Reached XP level 7. HP: 55/55 MP: 13/13
  5082 | Temple   | Entered the Ecumenical Temple
  5329 | Temple   | Reached skill level 5 in Fighting
  5329 | Temple   | Reached skill level 5 in Dodging
  5329 | Temple   | Reached skill level 5 in Stealth
  5329 | Temple   | Reached XP level 8. HP: 68/68 MP: 13/17
  5764 | D:5      | Learned a level 2 spell: Scorch
  5768 | D:5      | Learned a level 3 spell: Conjure Flame
  5773 | D:5      | Learned a level 4 spell: Flame Wave
  6525 | D:5      | Found a glowing silver altar of Zin.
  6627 | D:6      | Noticed Grinder
  6631 | D:6      | Killed Grinder
  7076 | D:6      | Found a white marble altar of Elyvilon.
  7241 | D:6      | Reached XP level 9. HP: 58/74 MP: 11/19
  7339 | D:6      | Identified the +6 war axe of the Doomed God {chaos, *Slow
                  | rN++ Str+8 Int-5}
  7372 | D:6      | Noticed Duvessa
  7377 | D:6      | Noticed Dowan
  7380 | D:6      | Killed Duvessa
  7389 | D:6      | Killed Dowan
  7708 | D:6      | Identified the +4 trident of Ascent {vorpal, +Blink rF-
                  | rCorr Str-5}
  7983 | D:7      | Reached skill level 5 in Ranged Weapons
  8030 | D:7      | Found Zaewe's Fire Supplies.
  8111 | D:7      | Found a flagged portal.
  8120 | Bailey   | Entered a bailey
  8404 | Bailey   | Noticed an orc knight
  9181 | Bailey   | Gained mutation: Your tail ends in a venomous barb. [potion
                  | of mutation]
  9181 | Bailey   | Gained mutation: Your spells are a little harder to cast,
                  | but a little more powerful. [potion of mutation]
  9193 | Bailey   | Mangled by an orc knight

Illustrated notes

Levels and vault maps discovered:
D:1:      ncdulo_halloftheorcs, layout_basic, serial_forest,
          infiniplex_forest_lined_3_way, infiniplex_forest_end_2,
          infiniplex_forest_clump_curved, infiniplex_forest_straight_4,
          infiniplex_forest_straight_2, infiniplex_forest_lined_1,
          infiniplex_forest_lined_room_3,
          hellmonk_ecumenical_altar_inner_sanctum, minmay_circled_x
D:2:      layout_basic
D:3:      layout_loops_cross, general_overflow_altar, serial_shops, shop
D:4:      layout_basic, mainiacjoe_overflow_catwalk, old_standard_altar,
          serial_aquarium, aquarium_bridge_square [aquarium_subvault_bridge,
          aquarium_subvault_wall, aquarium_subvault_wall,
          aquarium_subvault_window], aquarium_window_fake,
          aquarium_window_corridor_3, aquarium_window_fake, aquarium_view_2d,
          aquarium_balcony_1b, hangedman_decor_points, minmay_strange_pillars,
          minmay_liquid_box
D:5:      layout_basic, zin_scriptorium, temple_statues,
          kennysheep_small_spiral, minivault_26
D:6:      layout_gridville, nicolae_elyvilon_temple_path, uniq_duvessa,
          uniq_grinder
D:7:      lemuel_ice_statue, layout_cave_pools,
          mainiacjoe_overflow_concentric_impassable, enter_bailey_2,
          nicolae_shop_fire_sale [nicolae_sub_dead_trees], st_stairs_2
Temple:   grunt_temple_mini_profane
Bailey:   bailey_polearm_5, bailey

Skill      XL: |  1  2  3  4  5  6  7  8  9 |
---------------+----------------------------+-----
Fighting       | 1 2 5 |  5.7
Dodging        | 2 5 |  5.3
Stealth        | 2 3 5 6 |  6.2
Ranged Weapons | 1 4 5 |  5.1
Conjurations   | 5 7 |  7.5
Short Blades   | 1 4 |  4.8
Spellcasting   | 4 6 7 |  7.2
Fire Magic     | 4 |  4.9
Unarmed Combat | |  0.7

Action                   |  1- 3 |  4- 6 |  7- 9 || total
-------------------------+-------+-------+-------++-------
Melee: Unarmed           |     2 |       |       ||     2
       Dagger            |    35 |    33 |       ||    68
       Tailslap          |     3 |     1 |       ||     4
       Punch             |     2 |       |       ||     2
 Fire: Sling             |     7 |     3 |    68 ||    78
 Cast: Magic Dart        |    58 |    33 |     6 ||    97
       Searing Ray       |     4 |    24 |    11 ||    39
       Foxfire           |     1 |     4 |    21 ||    26
       Flame Wave        |       |       |    21 ||    21
       Scorch            |       |       |    27 ||    27
       Conjure Flame     |       |       |     4 ||     4
 Abil: Breathe Dispellin |       |       |    17 ||    17
  Use: Scroll            |     1 |     7 |     7 ||    15
       Potion            |       |     1 |     9 ||    10
 Stab: Sleeping          |       |     3 |       ||     3
Armor: Skin              |    15 |    14 |     9 ||    38
Dodge: Dodged            |    23 |    33 |    53 ||   109
